 Dungeon Crawl Stone Soup version 0.31-a0-977-gc230f8ef24 (webtiles) character file.

Game seed: 3903819150214066337

545 Dordric the Ruffian (level 7, -3/61 HPs)
             Began as a Troll Shapeshifter on Oct 30, 2023.
             Slain by an ice beast (10 damage)
             ... on level 5 of the Dungeon.
             The game lasted 00:02:56 (3103 turns).

Dordric the Ruffian (Troll Shapeshifter)            Turns: 3103, Time: 00:02:57

Health: -3/61      AC:  4    Str: 23    XL:     7   Next: 6%
Magic:  6/6        EV:  9    Int:  6    God:
Gold:   183        SH:  0    Dex: 11    Spells: 6/6 levels left

rFire   . .          .
                       - Unarmed
rCold   . . .        (no shield)
rNeg    . . .        a - +0 animal skin
rPois   .            (helmet currently unavailable)
rElec   .            (cloak currently unavailable)
rCorr   .            (gloves unavailable)
SInv    .            (boots unavailable)
Will    .....        (no amulet)
Stlth   +            (no ring)
HPRegen 1.10/turn    (no ring)
MPRegen 0.10/turn

%: no passive effects
@: beast-form
A: beast (slay +2), large, unfitting armour, claws 3, regeneration 1, shaggy fur
1, tough skin 1
a: Begin Untransformation


You were on level 5 of the Dungeon.
You were a hulking beast.
You visited 1 branch of the dungeon, and saw 5 of its levels.

You collected 183 gold pieces.

Inventory:

Armour
 a - a +0 animal skin (worn)
Jewellery
 n - a ring of protection from cold
 y - a ring of fire
 A - a ring of protection from cold
Talismans
 c - a beast talisman (active)
 d - a flux talisman
 B - a blade talisman
Wands
 r - a wand of flame (22)
 w - a wand of charming (13)
Scrolls
 e - 3 scrolls of teleportation {unknown}
 h - a scroll of summoning {unknown}
 i - 2 scrolls of blinking {unknown}
 j - 2 scrolls of amnesia {unknown}
 l - a scroll of fear {unknown}
 o - a scroll of vulnerability {unknown}
 q - 2 scrolls of revelation {unknown}
 t - a scroll of poison {unknown}
 u - a scroll of identify {unknown}
 v - a scroll of immolation {unknown}
 x - a scroll of fog {unknown}
Potions
 b - 2 potions of lignification
 f - a potion of mutation {unknown}
 g - a potion of brilliance {unknown}
 k - 4 potions of curing {unknown}
 m - a potion of degeneration {unknown}
 p - a potion of might {unknown}
 s - 3 potions of ambrosia {unknown}
 z - 2 potions of heal wounds {unknown}


   Skills:
 - Level 0.7 Fighting
 - Level 1.5 Dodging
 - Level 7.8 Unarmed Combat
 + Level 3.6 Shapeshifting


You had 6 spell levels left.
You didn't know any spells.
Your spell library contained the following spells:

 Spells                   Type           Power      Damage    Failure   Level
 Blink                    Tloc           0%         N/A       58%         2
 Dazzling Flash           Conj/Hex       0%         N/A       83%         3
 Volatile Blastmotes      Fire/Tloc      0%         2d10      83%         3
 Manifold Assault         Tloc           0%         N/A       99%         4
 Starburst                Conj/Fire      0%         6d3       100%        6
 Maxwell's Capacitive Co  Air            0%         ∞         100%        8


Dungeon Overview and Level Annotations

Branches:
Dungeon (5/15)
 Temple: D:4-7

Altars:
Okawaru
Sif Muna
Yredelemnul

Annotations:
D:5 Grinder


Innate Abilities, Weirdness & Mutations

You are a hulking beast.
Your limbs bulge with bestial killing power. (Slay +2)
You are too large for most types of armour.
You have claws for hands.
Your natural rate of healing is unusually fast.
You are covered in fur. (AC +1)
You have tough skin. (AC +1)


Message History

Grinder shouts!
You claw the ice beast!
The ice beast is moderately wounded.
The ice beast closely misses you.
You closely miss the ice beast.
The ice beast is moderately wounded.
You barely miss the ice beast.
The ice beast is moderately wounded.
The ice beast misses you.
You claw the ice beast!
The ice beast is severely wounded.
The ice beast hits you. The ice beast freezes you!
You scratch the ice beast.
The ice beast is almost dead.
The ice beast barely misses you.
You closely miss the ice beast.
The ice beast is almost dead.
Grinder gestures at you.
You suddenly lose the ability to move!
The ice beast hits you but does no damage.
The ice beast hits you. The ice beast freezes you! Grinder hits you.
The ice beast hits you but does no damage.
Grinder hits you. The ice beast hits you. The ice beast freezes you!
* * * LOW HITPOINT WARNING * * *
Grinder hits you!
* * * LOW HITPOINT WARNING * * *
You writhe in agony.
* * * LOW HITPOINT WARNING * * *
The ice beast hits you but does no damage.
You can move again.
Unknown command.
Grinder blinks!
The ice beast attacks as it pursues you!
The ice beast closely misses you.
The ice beast attacks as it pursues you!
The ice beast hits you.
* * * LOW HITPOINT WARNING * * *
The ice beast freezes you!
You die...

......#...?..
..........#.
............
...........
#.....#.# #...#.#
#.....#
##.#..######.#
.#.#....Yh......#
...5.....########
##.#####.# ...
#.# ### #[###
#...# #####'####
#........##
#......#..###


You could see Grinder and an ice beast.

Vanquished Creatures
  2 black bears (D:4)
  A phantom (D:4)
  2 scorpions
  An orc wizard (D:4)
  Robin (D:3)
  2 adders (D:4)
  2 ufetubi (D:5)
  A worm (D:3)
  3 dart slugs
  9 orcs
  8 ball pythons
  4 bats
  8 endoplasms
  5 giant cockroaches
  13 goblins
  8 hobgoblins
  10 jackals
  2 quokkas
  3 frilled lizards
  5 kobolds
  15 rats
105 creatures vanquished.

Notes
Turn   | Place    | Note
-------+----------+-------------------------------------------
     0 | D:1      | Dordric the Troll Shapeshifter began the quest for the Orb.
     0 | D:1      | Reached XP level 1. HP: 18/18 MP: 0/0
    96 | D:1      | Reached XP level 2. HP: 26/26 MP: 1/1
   476 | D:1      | Reached skill level 4 in Unarmed Combat
   502 | D:1      | Reached XP level 3. HP: 32/32 MP: 2/2
  1200 | D:3      | Noticed Robin
  1241 | D:3      | Killed Robin
  1243 | D:3      | Reached XP level 4. HP: 40/40 MP: 3/3
  1270 | D:3      | Found a faded altar of an unknown god.
  1380 | D:3      | Reached skill level 5 in Unarmed Combat
  1515 | D:3      | Found a shimmering blue altar of Sif Muna.
  1638 | D:3      | Found an iron altar of Okawaru.
  2346 | D:4      | Reached XP level 5. HP: 44/46 MP: 4/4
  2395 | D:4      | Noticed a black bear
  2403 | D:4      | Killed a black bear
  2404 | D:4      | Reached skill level 6 in Unarmed Combat
  2430 | D:4      | Noticed a black bear
  2438 | D:4      | Killed a black bear
  2439 | D:4      | Reached skill level 7 in Unarmed Combat
  2439 | D:4      | Reached XP level 6. HP: 54/54 MP: 5/5
  2844 | D:4      | Found a basalt altar of Yredelemnul.
  2988 | D:5      | Entered Level 5 of the Dungeon
  3011 | D:5      | Reached XP level 7. HP: 61/61 MP: 6/6
  3090 | D:5      | Noticed Grinder
  3096 | D:5      | Paralysed by Grinder for 4 turns
  3103 | D:5      | Slain by an ice beast

Illustrated notes

Levels and vault maps discovered:
D:1:      giann_forest_graveyard, layout_basic
D:2:      layout_basic
D:3:      layout_basic, mainiacjoe_overflow_concentric_impassable,
          mainiacjoe_overflow_alcove_2,
          hellmonk_ecumenical_altar_pennies_from_heaven,
          minmay_fractal_squares_diagonal_5, uniq_robin
D:4:      layout_cave_pools, nicolae_overflow_crystal_walls,
          kennysheep_opposing_triangles
D:5:      layout_basic, general_overflow_altar, uniq_grinder, uniq_menkaure,
          uniq_crazy_yiuf_cottage

Skill      XL: |  1  2  3  4  5 |
---------------+----------------+-----
Unarmed Combat | 4 5 7 |  7.8
Fighting       | |  0.7
Dodging        | |  1.5
Shapeshifting  | |  3.6

Action                     |  1- 3 |  4- 6 |  7- 9 || total
---------------------------+-------+-------+-------++-------
  Melee: Unarmed           |    94 |   129 |     6 ||   229
         Punch             |       |     2 |       ||     2
 Armour: Animal skin       |    52 |    70 |    10 ||   132
  Dodge: Dodged            |    37 |    56 |     4 ||    97
   Form: Blade             |       |     1 |       ||     1
         Beast             |       |     1 |       ||     1
         Flux              |       |     1 |       ||     1

Table legend: (Time is in decaauts)
 A = Elapsed time spent in this place.
 B = Non-inter-level travel time spent in this place.
 C = Inter-level travel time spent in this place.
 D = Time resting spent in this place.
 E = Time spent auto-exploring this place.
 F = Levels seen in this place.
 G = Mean time per level.
                   A        B        C        D        E       F      G
               +--------+--------+--------+--------+--------+-----+--------+
         Total |   3080 |   2969 |    111 |     18 |   2420 |   5 |  616.0 |
       Dungeon |   3080 |   2969 |    111 |     18 |   2420 |   5 |  616.0 |
               +--------+--------+--------+--------+--------+-----+--------+

Top non-repeatable levels by time:
     D:3: 1090 daAuts
     D:2: 698 daAuts
     D:4: 659 daAuts
     D:1: 520 daAuts
     D:5: 113 daAuts
